 Dungeon Crawl Stone Soup version 0.21-a0-404-g291f19a (webtiles) character file.

97 NoRunes the Covert (level 4, -1/30 HPs)
             Began as a Vampire Enchanter on Oct 28, 2017.
             Slain by inqbanana's ghost (8 damage)
             ... on level 3 of the Dungeon.
             The game lasted 00:04:19 (2045 turns).

NoRunes the Covert (Vampire Enchanter)              Turns: 2045, Time: 00:04:20

Health: -1/30      AC:  3    Str:  7    XL:     4   Next: 42%
Magic:  3/7        EV: 13    Int: 17    God:
Gold:   103        SH:  0    Dex: 15    Spells: 1/7 levels left

rFire    . . .     SeeInvis +   g - +5 dagger
rCold    . . .     Gourm    .   (no shield)
rNeg     . . .     Faith    .   b - +0 robe
rPois    .         Spirit   .   e - +0 helmet
rElec    .         Reflect  .   (no cloak)
rCorr    .         Harm     .   (no gloves)
MR       .....                  (no boots)
Stlth    ++++......             (no amulet)
HPRegen  0.30/turn              (no ring)
MPRegen  0.10/turn              (no ring)

@: regenerating quickly
A: fangs 3, see invisible, unbreathing
a: no special abilities


You were on level 3 of the Dungeon.
You were full.

You visited 1 branch of the dungeon, and saw 3 of its levels.

You collected 103 gold pieces.

Inventory:

Hand Weapons
 g - a +5 dagger (weapon)
Missiles
 f - a throwing net (quivered)
Armour
 b - a +0 robe (worn)
 e - a +0 helmet (worn)
Potions
 a - a potion of haste {unknown}
 d - 3 potions of blood
Books
 c - a book of Maledictions

   Spells                             Type                      Level
   a - Corona                         Hexes                        1
   b - Ensorcelled Hibernation        Hexes/Ice                    2
   c - Confuse                        Hexes                        3
   d - Tukima's Dance                 Hexes                        3
   e - Dazzling Spray                 Conjuration/Hexes            3


   Skills:
 + Level 1.1 Short Blades
 - Level 2.1 Dodging
 - Level 8.1 Stealth
 - Level 2.0 Spellcasting
 - Level 4.4 Hexes


You had one spell level left.
You knew the following spells:

 Your Spells              Type           Power        Failure   Level  Hunger
a - Corona                Hex            ###....      3%          1    #......
b - Ensorcelled Hibernat  Hex/Ice        #.....       12%         2    ###....
c - Confuse               Hex            ###.....     10%         3    ###....


Dungeon Overview and Level Annotations

Branches:
Dungeon (3/15)

Altars:

Annotations:
D:3 inqbanana's ghost, amateur MiFi


Innate Abilities, Weirdness & Mutations

Your natural rate of healing is unusually fast.
You have razor-sharp teeth.
You have supernaturally acute eyesight. (SInv)
You can survive without breathing.


Message History

Inqbanana's ghost barely misses you.
You hit inqbanana's ghost but do no damage.
Inqbanana's ghost is almost destroyed.
Inqbanana's ghost closely misses you.
Casting: Confuse
Confirm with . or Enter, or press ? or * to list all spells.
You don't have enough magic to cast that spell.
Inqbanana's ghost closely misses you.
There is a stone staircase leading up, spattered with blood here.
You hit inqbanana's ghost but do no damage.
Inqbanana's ghost is severely damaged.
Inqbanana's ghost misses you.
Unknown command.
You hit inqbanana's ghost.
Inqbanana's ghost is almost destroyed.
Inqbanana's ghost hits you!
* * * LOW HITPOINT WARNING * * *
Unknown command.
Inqbanana's ghost hits you!
You die...

#######
#.....#
#!..[.#
#.....#
#.....#
####.#####.
##[.(?.......
#@W..........
##...........
#......)....
#.†(†..[....
####........
#........
..(....
.......
#######


You could see inqbanana's ghost.

Vanquished Creatures
  3 adders (D:2)
  2 oozes (D:2)
  A worm (D:2)
  A ball python (D:2)
  5 giant cockroaches
  2 goblins (D:1)
  5 hobgoblins (D:1)
  8 jackals (D:2)
  A quokka (D:3)
  5 bats
  5 frilled lizards
  9 kobolds
  10 rats
57 creatures vanquished.

Notes
Turn   | Place    | Note
-------+----------+-------------------------------------------
     0 | D:1      | NoRunes the Vampire Enchanter began the quest for the Orb.
     0 | D:1      | Reached XP level 1. HP: 13/13 MP: 3/3
   203 | D:1      | Reached skill level 5 in Stealth
   221 | D:1      | Reached XP level 2. HP: 18/19 MP: 5/5
   259 | D:1      | Learned a level 2 spell: Ensorcelled Hibernation
   515 | D:1      | Reached skill level 6 in Stealth
  1229 | D:2      | Reached XP level 3. HP: 24/24 MP: 6/6
  1236 | D:2      | Learned a level 3 spell: Confuse
  1399 | D:2      | Reached skill level 7 in Stealth
  1551 | D:2      | Reached XP level 4. HP: 29/30 MP: 5/7
  1982 | D:2      | Reached skill level 8 in Stealth
  2009 | D:3      | Noticed inqbanana's ghost (amateur MiFi)
  2045 | D:3      | Slain by inqbanana's ghost

Vault maps used:
D:1:      lemuel_arrival_broad_hall, minmay_rat_gold_closets
D:3:      first_bread, uniq_grinder

Skill      XL: |  1  2  3  4 |
---------------+-------------+-----
Stealth        | 5 6 7 8 |  8.1
Short Blades   | |  1.1
Dodging        | |  2.1
Spellcasting   | |  2.0
Hexes          | |  4.4

Action                   |  1- 3 |  4- 6 || total
-------------------------+-------+-------++-------
Melee: Dagger            |   104 |    46 ||   150
       Bite              |     2 |     2 ||     4
 Cast: Ensorcelled Hiber |     6 |     2 ||     8
       Confuse           |       |     2 ||     2
  Use: Scroll            |     3 |       ||     3
 Stab: Sleeping          |    16 |     6 ||    22
       Distracted        |     1 |       ||     1
       Confused          |       |     2 ||     2
  Eat: Corpse            |     8 |     3 ||    11
Armor: Robe              |    18 |     7 ||    25
Dodge: Dodged            |    55 |    33 ||    88

Table legend:
 A = Spawn XP
 B = Non-spawn XP
 C = Spawn XP percentage of total XP
 D = Spawn monster count
 E = Non-spawn monster count
 F = Spawn count percentage of total count
 G = Total turns spent on level
                    A         B        C        D         E        F      G
               +---------+---------+-------+---------+---------+-------+---------
         Total |       0 |     139 |   0.0 |       0 |      57 |   0.0 |  2045
               +---------+---------+-------+---------+---------+-------+---------
           D:1 |       0 |      38 |   0.0 |       0 |      26 |   0.0 |  1202
           D:2 |       0 |      94 |   0.0 |       0 |      27 |   0.0 |   789
           D:3 |       0 |       7 |   0.0 |       0 |       4 |   0.0 |    54
               +---------+---------+-------+---------+---------+-------+---------
